 Dungeon Crawl Stone Soup version 0.22-a0-247-gbddf880 (webtiles) character file.

217 Serpenta the Sneak (level 5, -22/31 HPs)
             Began as an Octopode Ice Elementalist on Feb 24, 2018.
             Was an Initiate of Dithmenos.
             Annihilated by Menkaure (23 damage)
             ... on level 4 of the Dungeon.
             The game lasted 00:12:10 (3574 turns).

Serpenta the Sneak (Octopode Ice Elementalist)      Turns: 3574, Time: 00:12:11

Health: -22/31     AC:  6    Str:  7    XL:     5   Next: 94%
Magic:  1/8        EV: 19    Int: 19    God:    Dithmenos [......]
Gold:   148        SH:  0    Dex: 17    Spells: 0/8 levels left

rFire    . . .     SeeInvis .   q - +1 dagger (venom)
rCold    . . .     Gourm    .   (no shield)
rNeg     . . .     Faith    .   (helmet restricted)
rPois    .         Spirit   .   (no amulet)
rElec    .         Reflect  .   (no ring)
rCorr    .         Harm     .   s - ring of flight
MR       .....                  (no ring)
Stlth    +++++.....             (no ring)
HPRegen  0.10/turn              (no ring)
MPRegen  0.11/turn              (no ring)
                                (no ring)
                                (no ring)

@: agile, icy armour, very slightly contaminated, slow
A: almost no armour, stealthy swim, amphibious, 8 rings, constrict 8, camouflage
1, gelatinous body 1
a: Renounce Religion, Evoke Flight


You were on level 4 of the Dungeon.
You worshipped Dithmenos.
Dithmenos was noncommittal.
You were not hungry.

You visited 2 branches of the dungeon, and saw 5 of its levels.

You collected 148 gold pieces.


Innate Abilities, Weirdness & Mutations

You cannot wear most types of armour.
You are very stealthy in the water. (Stealth+)
You are amphibious.
You can wear up to eight rings at the same time.
You can use your tentacles to constrict eight enemies at once.
Your skin changes colour to match your surroundings (Stealth+).
Your rubbery body absorbs attacks. (AC +1, EV +1)


   Skills:
 - Level 2.0 Dodging
 * Level 6.0 Stealth
 - Level 2.0 Spellcasting
 * Level 2.5 Conjurations
 + Level 4.5 Ice Magic


You couldn't memorise any spells.
You knew the following spells:

 Your Spells              Type           Power        Failure   Level  Hunger
o - Ozocubu's Armour      Chrm/Ice       ##......     21%         3    ###....
A - Freeze                Ice            ###.         2%          1    #......
B - Throw Icicle          Conj/Ice       ###.....     36%         4    #####..

Action                   |  1- 3 |  4- 6 || total
-------------------------+-------+-------++-------
Melee: Dagger            |     3 |    12 ||    15
       Short sword       |     1 |       ||     1
       Constrict         |       |     1 ||     1
 Cast: Freeze            |    45 |    62 ||   107
       Ozocubu's Armour  |       |     3 ||     3
  Use: Scroll            |       |    11 ||    11
       Potion            |       |     1 ||     1
 Stab: Sleeping          |     3 |     7 ||    10
  Eat: Ration            |     1 |       ||     1
       Chunk             |       |     6 ||     6
Armor: Skin              |     3 |     2 ||     5
Dodge: Dodged            |    19 |    30 ||    49

Inventory:

Hand Weapons
 q - a +1 dagger of venom (weapon)
Missiles
 k - a throwing net (quivered)
Jewellery
 s - a ring of flight (right tentacle)
Scrolls
 c - 3 scrolls of identify
 h - a scroll of teleportation {unknown}
 j - 2 scrolls of fear
 l - a scroll of remove curse
 o - a scroll of magic mapping {unknown}
 p - a scroll of fog {unknown}
Potions
 b - 2 potions of curing
 e - a potion of resistance
 f - a potion of lignification
 i - 5 potions of heal wounds
 n - a potion of invisibility
Comestibles
 a - 10 rations

#.# ########.#### #.#
###...........#
#.##########.[........##.#
#..............#########.#
#.##########.### #.# #.#
#.# #.# #.### #.# #.####
#...# #.# $ #..... ###.#
#@# ... ###### #.#
#M###...M. #.# #.........
#.# #####..... #.# ... #.#
. #.# ### #.# ..# #.# #>#


You could see Menkaure.

Vanquished Creatures
  A crimson imp (D:2)
  A hound (D:4)
  An orc wizard (D:3)
  A gnoll (D:1)
  4 adders
  3 worms
  2 dart slugs (D:3)
  3 leopard geckos
  4 orcs
  2 ball pythons
  2 bats
  2 giant cockroaches (D:2)
  7 goblins
  10 hobgoblins
  3 jackals (D:1)
  3 quokkas
  7 frilled lizards
  6 kobolds
  6 rats
68 creatures vanquished.

Vault maps used:
D:1:      minmay_arrival_plants_in_alcoves, hex_medium
D:2:      lemuel_doored_altar, nicolae_ru_the_path_less_chosen
D:3:      chequers_ecumenical_altar_grove, first_ration
D:4:      minmay_temple_entry_butterflies, uniq_robin, uniq_menkaure,
          uniq_eustachio
Temple:   regret_index_temple_waves


Message History

Aiming: Freeze (safe; 2% risk of failure)
Press: ? - help, Shift-Dir - straight line, f/p - Menkaure
Aim: Menkaure (severely damaged, constricted by you, fast)
You miscast Freeze.
You are very lightly contaminated with residual magic.
Nothing appears to happen.
You constrict Menkaure. Menkaure closely misses you.
Casting: Freeze (safe; 2% risk of failure)
Confirm with . or Enter, or press ? or * to list all spells.
Aiming: Freeze (safe; 2% risk of failure)
Press: ? - help, Shift-Dir - straight line, f/p - Menkaure
Aim: Menkaure (severely damaged, constricted by you, fast)
You freeze Menkaure.
Menkaure resists.
Menkaure is almost destroyed.
You constrict Menkaure.
Menkaure points at you and mumbles some strange words.
Pain shoots through your body!
* * * LOW HITPOINT WARNING * * *
Menkaure hits you!!
Ouch! That really hurt!
You die...

Notes
Turn   | Place    | Note
-------+----------+-------------------------------------------
     0 | D:1      | Serpenta the Octopode Ice Elementalist began the quest for the Orb.
     0 | D:1      | Reached XP level 1. HP: 11/11 MP: 3/3
    95 | D:1      | Reached skill level 3 in Stealth
   275 | D:1      | Reached XP level 2. HP: 17/17 MP: 3/5
   903 | D:1      | Reached skill level 4 in Stealth
   903 | D:1      | Reached XP level 3. HP: 21/21 MP: 1/6
  1538 | D:2      | Reached XP level 4. HP: 25/27 MP: 4/7
  1555 | D:1      | Learned a level 4 spell: Throw Icicle
  1570 | D:2      | Found an opulent altar of Gozag.
  1643 | D:2      | Reached skill level 5 in Stealth
  2112 | D:2      | Found a sacrificial altar of Ru.
  2260 | D:2      | Reached XP level 5. HP: 24/31 MP: 4/8
  2330 | D:2      | Learned a level 3 spell: Ozocubu's Armour
  2968 | D:3      | Found a faded altar of an unknown god.
  3302 | D:4      | Found a staircase to the Ecumenical Temple.
  3313 | Temple   | Entered the Ecumenical Temple
  3342 | Temple   | Became a worshipper of Dithmenos the Shadowed
  3413 | D:4      | Reached skill level 6 in Stealth
  3532 | D:4      | Noticed Robin
  3560 | D:4      | Noticed Menkaure
  3574 | D:4      | HP: 1/31 [Menkaure/nerve-wracking pain (14)]
  3574 | D:4      | Annihilated by Menkaure
